 Dungeon Crawl Stone Soup version 0.23.2-42-gf373564dc4 (webtiles) character file.

Game seed: 5287379033885879449

4108 MisterOstroum the Skirmisher (level 10, -6/76 HPs)
             Began as a Demonspawn Wizard on Jan 15, 2020.
             Was an Elder of Cheibriados.
             Mangled by Menkaure (17 damage)
             ... on level 5 of the Dungeon.
             The game lasted 01:21:53 (13576 turns).

MisterOstroum the Skirmisher (Demonspawn Wizard)   Turns: 13576, Time: 01:21:54

Health: -6/76      AC:  6    Str: 19    XL:     10   Next: 6%
Magic:  5/17       EV: 31    Int: 31    God:    Cheibriados [****..]
Gold:   579        SH:  0    Dex: 26    Spells: 4/19 levels left

rFire    . . .     SeeInvis .     - Unarmed
rCold    . . .     Gourm    .   (no shield)
rNeg     . . .     Faith    .   c - +0 robe
rPois    .         Spirit   .   n - +1 hat
rElec    .         Reflect  .   h - scarf {cloud immunity}
rCorr    .         Harm     .   (no gloves)
MR       .....                  (no boots)
Stlth    +++.......             M - amulet of the acrobat
HPRegen  0.22/turn              P - +4 ring of dexterity
MPRegen  0.15/turn              (no ring)

@: acrobat, very slow
A: claws 2, molten scales 2, blurry vision 1, powered by death 1
a: Bend Time, Temporal Distortion, Slouch, Renounce Religion


You were on level 5 of the Dungeon.
You worshipped Cheibriados.
Cheibriados was greatly pleased with you.
You were not hungry.

You visited 2 branches of the dungeon, and saw 11 of its levels.
You also visited: Sewer.

You collected 579 gold pieces.

Inventory:

Hand Weapons
 b - a +1 hunting sling
 z - a +0 shortbow
 B - a +0 dagger
 F - a +0 hand crossbow
 K - a +0 fustibalus
Missiles
 f - 3 steel tomahawks
 i - 221 arrows
 k - 272 stones (quivered)
 t - 32 sling bullets
 x - 42 bolts
 L - 4 javelins
 O - 6 tomahawks
Armour
 c - a +0 robe (worn)
 h - a scarf of cloud immunity (worn)
 j - a +0 ring mail
 n - a +1 hat (worn)
 y - a +2 ring mail of fire resistance
 D - a +0 chain mail
 I - a +0 cloak
Jewellery
 M - an amulet of the acrobat (around neck)
 P - a +4 ring of dexterity (left claw)
Scrolls
 d - 2 scrolls of remove curse
 l - 2 scrolls of magic mapping {unknown}
 o - 2 scrolls of immolation {unknown}
 p - 3 scrolls of enchant weapon
 q - a scroll of acquirement {unknown}
 r - 2 scrolls of enchant armour
 v - 3 scrolls of teleportation {@r3 !r}
 C - a scroll of holy word {unknown}
 E - 2 scrolls of fog {unknown}
 G - a scroll of random uselessness {unknown}
 H - a scroll of blinking {unknown}
Potions
 a - a potion of might {unknown}
 g - 2 potions of curing {@q1 !q}
 s - 3 potions of magic
 u - 2 potions of ambrosia
 w - 2 potions of flight
 A - 2 potions of heal wounds {@q2 !q}
 J - a potion of agility {@q5 !q}
Comestibles
 e - 16 rations
 m - 2 chunks of flesh


   Skills:
 - Level 6.0 Fighting
 * Level 4.1 Dodging
 - Level 3.0 Stealth
 - Level 5.0 Unarmed Combat
 + Level 5.0 Spellcasting
 - Level 5.7 Conjurations
 * Level 4.6 Summonings
 - Level 3.0 Translocations
 - Level 0.7 Fire Magic
 * Level 2.6 Air Magic
 + Level 3.3 Invocations
   Level 3.0 Evocations


You had 4 spell levels left.
You knew the following spells:

 Your Spells              Type           Power        Failure   Level  Hunger
a - Magic Dart            Conj           ####         1%          1    None
b - Conjure Flame         Conj/Fire      ####....     4%          3    None
c - Mephitic Cloud        Conj/Pois/Air  ####....     5%          3    None
d - Summon Lightning Spi  Summ/Air       ####....     12%         4    ###....
B - Blink                 Tloc           N/A          2%          2    None
C - Call Imp              Summ           #####...     1%          2    None

Your spell library contained the following spells:

 Spells                   Type           Power        Failure   Level  Hunger
 Apportation              Tloc           ####..       1%          1    None
 Summon Small Mammal      Summ           ####         1%          1    None
 Call Canine Familiar     Summ           #####...     2%          3    None
 Animate Skeleton         Necr           N/A          5%          1    None
 Confusing Touch          Hex            #.....       5%          1    None
 Pain                     Necr           #...         5%          1    None
 Summon Guardian Golem    Hex/Summ       ###.....     6%          3    None
 Slow                     Hex            #.......     9%          2    None
 Regeneration             Chrm/Necr      #.........   16%         3    None
 Vampiric Draining        Necr           #.........   16%         3    None
 Summon Ice Beast         Ice/Summ       ###.....     21%         4    ###....
 Animate Dead             Necr           N/A          47%         4    ###....


Dungeon Overview and Level Annotations

Branches:
Dungeon (10/15)            Temple (1/1) D:4
   Lair: D:8-11         Orc: D:9-12

Altars:
Ashenzari
Cheibriados
Dithmenos
Elyvilon
Fedhas
Gozag
Hepliaklqana
Kikubaaqudgha
Makhleb
Nemelex Xobeh
Okawaru
Qazlal
Ru
Sif Muna
Trog
Uskayaw
Vehumet
Wu Jian
Xom
Yredelemnul
Zin
The Shining One

Annotations:
D:3 3 runed translucent doors, Curus's ghost, amateur HOAK; denis1488's ghost, amateur HuFi; stevin's ghost, amateur HOFi
D:5 Menkaure; Prince Ribbit
D:6 1 exclusion
D:9 exclusion: 2 slaves, Harold; Psyche


Innate Abilities, Weirdness & Mutations

You have very sharp fingernails.
You are mostly covered in molten scales. (AC +3)
You regenerate a little health from kills.
Scrolls take you a little longer to read.


Message History

Magic restored.
There is a stone staircase leading up here.
You climb upwards.
There is a stone staircase leading down here.
Things that are here:
a +0 robe; a +0 dagger; a +0 chain mail
There is a stone staircase leading up, spattered with blood here.
You climb upwards.
Level annotation: 1 exclusion
There is a stone staircase leading down here.
There is a stone staircase leading up here.
You climb upwards.
Level annotation: Menkaure; Prince Ribbit
There is a stone staircase leading down here.
Menkaure is too close now for your liking.
Casting: Magic Dart (safe; 1% risk of failure)
Confirm with . or Enter, or press ? or * to list all spells.
Aiming: Conjure Flame (safe; 4% risk of failure)
Press: ? - help, Dir - move target cursor, f - Menkaure
Aim: Menkaure (resting)
Okay, then.
Casting: Conjure Flame (safe; 4% risk of failure)
Confirm with . or Enter, or press ? or * to list all spells.
Aiming: Conjure Flame (safe; 4% risk of failure)
Press: ? - help, Dir - move target cursor The fire ignites!
Menkaure shouts!
Casting: Conjure Flame (safe; 4% risk of failure)
Confirm with . or Enter, or press ? or * to list all spells.
A beastly little devil appears in a puff of flame.
Casting: Call Imp (safe; 1% risk of failure)
Confirm with . or Enter, or press ? or * to list all spells.
Okay, then.
Casting: Call Imp (safe; 1% risk of failure)
Confirm with . or Enter, or press ? or * to list all spells.
Okay, then.
Unknown command.
Casting: Call Imp (safe; 1% risk of failure)
Confirm with . or Enter, or press ? or * to list all spells.
Aiming: Mephitic Cloud (safe; 5% risk of failure)
Press: ? - help, Shift-Dir - straight line, f - Menkaure
Aim: Menkaure The ball explodes into a vile cloud!
The stinking cloud engulfs your crimson imp but does no damage.
The stinking cloud engulfs you but does no damage.
The stinking cloud engulfs Menkaure but does no damage.
Your crimson imp hits Menkaure but does no damage.
You swap places.
Menkaure gestures wildly while chanting.
Menkaure seems to speed up.
You swap places.
Menkaure misses your crimson imp.
Your crimson imp hits Menkaure.
Menkaure hits your crimson imp!
Your crimson imp hits Menkaure.
Menkaure closely misses your crimson imp.
Some of the chunks of flesh in your inventory have rotted away.
Your crimson imp hits Menkaure but does no damage.
Menkaure calls on the powers of darkness!
Your body is wracked with pain!
Your crimson imp barely misses Menkaure.
Menkaure mumbles, "It doesn't hurt if you pull your brain out of your nose yourself."
Menkaure barely misses your crimson imp.
Your crimson imp hits Menkaure.
Menkaure hits your crimson imp!
Your crimson imp dies!
Casting: Mephitic Cloud (safe; 5% risk of failure)
Confirm with . or Enter, or press ? or * to list all spells.
Okay, then.
Casting: Mephitic Cloud (safe; 5% risk of failure)
Confirm with . or Enter, or press ? or * to list all spells.
Aiming: Mephitic Cloud (safe; 5% risk of failure)
Press: ? - help, Shift-Dir - straight line, f - you, p - Menkaure The ball explodes into a vile cloud!
The stinking cloud engulfs you but does no damage.
Menkaure calls on the powers of darkness!
Your body is wracked with pain!
* * * LOW HITPOINT WARNING * * *
Casting: Mephitic Cloud (safe; 5% risk of failure)
Confirm with . or Enter, or press ? or * to list all spells.
Aiming: Mephitic Cloud (safe; 5% risk of failure)
Press: ? - help, Shift-Dir - straight line, f - Menkaure
Aim: Menkaure (moderately damaged, fast)
The ball explodes into a vile cloud!
The stinking cloud engulfs Menkaure but does no damage.
Menkaure is moderately damaged.
Menkaure calls on the powers of darkness!
Your body is wracked with pain!
* * * LOW HITPOINT WARNING * * *
You aren't carrying any items that you can evoke.
You aren't carrying any items that you can evoke.
Really quaff
A - 3 potions of heal wounds {@q2 !q}?
You feel much better.
Menkaure calls on the powers of darkness!
Your body is wracked with pain!
* * * LOW HITPOINT WARNING * * *
Menkaure misses you.
Menkaure calls on the powers of darkness!
Your body is wracked with pain!
* * * LOW HITPOINT WARNING * * *
Menkaure hits you!
You die...
Xom thinks this is hilarious!

..##≈≈.≈≈##..##
...##≈.≈##..##
.#..##'##..##
.##.......#######
........##......#
......#<......#.#
......#.##.##.#.#
...........##.#.####
#...###.#####.°○@M.#
....###.......#.##°#
........#####..#.#.#
....#.....# #.###..#
....#.....# #..#.#.#
..........# #......#
....#.....# ###.####
....#.....# #.###
..##.....## #...#


You could see Menkaure.

Vanquished Creatures
  2 hippogriffs (D:8)
  2 sky beasts (D:6)
  An ice beast (D:7)
  4 orc warriors
  A slave (D:9)
  2 phantoms
  4 ogres
  6 centaurs
  A crocodile (Sewer)
  2 bullfrogs
  4 scorpions
  3 wights (D:8)
  A howler monkey (D:8)
  7 crimson imps
  3 bullfrog skeletons
  3 hounds
  6 orc priests
  10 orc wizards
  A jelly (D:5)
  2 iguanas
  9 worker ants
  A killer bee zombie (D:6)
  2 hound zombies
  3 worker ant zombies
  3 gnolls (D:4)
  10 adders
  A river rat (D:6)
  A shadow imp (D:5)
  2 oozes
  3 adder zombies
  4 worms
  2 adder skeletons
  2 dart slugs
  3 leopard geckos
  32 orcs
  A ball python (D:3)
  7 giant cockroaches
  11 hobgoblins
  8 jackals
  5 quokkas
  5 bats
  3 frilled lizards
  12 goblins
  2 jackal skeletons
  A jackal zombie (D:8)
  9 kobolds
  3 leopard gecko skeletons
  2 quokka skeletons
  4 rats
216 creatures vanquished.

Vanquished Creatures (collateral kills)
  An orc wizard (D:4)
  A worm (D:2)
2 creatures vanquished.

Vanquished Creatures (others)
  A plant (D:3)
1 creature vanquished.

Grand Total: 219 creatures vanquished

Notes
Turn   | Place    | Note
-------+----------+-------------------------------------------
     0 | D:1      | MisterOstroum the Demonspawn Wizard began the quest for the
                  | Orb.
     0 | D:1      | Reached XP level 1. HP: 13/13 MP: 4/4
     3 | D:1      | Noticed an anaconda
    29 | D:1      | Noticed a death yak
   481 | D:1      | Gained mutation: You regenerate a little health from kills.
                  | [demonic ancestry]
   481 | D:1      | Reached XP level 2. HP: 17/20 MP: 0/6
   485 | D:1      | Learned a level 2 spell: Blink
   488 | D:1      | Learned a level 2 spell: Call Imp
  1653 | D:2      | Gained mutation: You have sharp fingernails. [demonic
                  | ancestry]
  1653 | D:2      | Reached XP level 3. HP: 23/25 MP: 3/7
  1904 | D:2      | Found a snail-covered altar of Cheibriados.
  2193 | D:2      | Found a shadowy altar of Dithmenos.
  2563 | D:2      | Reached XP level 4. HP: 31/31 MP: 6/8
  2568 | D:2      | Learned a level 3 spell: Conjure Flame
  3109 | D:2      | Found a shimmering altar of Xom.
  4147 | D:3      | Found a runed translucent gate.
  4149 | D:3      | Found a runed translucent gate.
  4150 | D:3      | Found a runed translucent gate.
  4150 | D:3      | Noticed denis1488's ghost (amateur HuFi)
  4150 | D:3      | Noticed Curus's ghost (amateur HOAK)
  4151 | D:3      | Noticed stevin's ghost (amateur HOFi)
  4186 | D:3      | Reached XP level 5. HP: 36/36 MP: 5/9
  4727 | D:4      | Reached skill level 5 in Conjurations
  4885 | D:4      | Reached skill level 2 in Fighting
  5108 | D:4      | Reached XP level 6. HP: 46/46 MP: 0/10
  5335 | D:4      | Reached skill level 3 in Fighting
  5455 | D:4      | Found a staircase to the Ecumenical Temple.
  5464 | Temple   | Entered the Ecumenical Temple
  5980 | D:2      | Became a worshipper of Xom of Chaos
  6021 | D:2      | Fell from the grace of Xom
  6021 | D:2      | Became a worshipper of Cheibriados the Contemplative
  6270 | D:5      | Entered Level 5 of the Dungeon
  6397 | D:5      | HP: 1/47 [scorpion (6)]
  6402 | D:5      | Reached skill level 1 in Unarmed Combat
  6418 | D:5      | XOM: medium Pois miscast
  6554 | D:4      | XOM: give mutations
  6554 | D:4      | Gained mutation: You are resistant to hostile enchantments.
                  | (MR+) [Xom's mischief]
  6554 | D:4      | Gained mutation: You are clumsy. (Dex -2) [Xom's mischief]
  6604 | D:5      | Reached skill level 1 in Translocations
  6658 | D:5      | Learned a level 3 spell: Mephitic Cloud
  6736 | D:5      | Gained mutation: You are partially covered in molten
                  | scales. (AC +2) [demonic ancestry]
  6736 | D:5      | Reached XP level 7. HP: 7/52 MP: 8/11
  6957 | D:5      | Reached * piety under Cheibriados
  7404 | D:5      | Found a hide-covered altar of Uskayaw.
  7404 | D:5      | Found a hazy altar of Hepliaklqana.
  7404 | D:5      | Found an ornate altar of the Wu Jian Council.
  7439 | D:5      | Noticed Prince Ribbit
  7716 | D:5      | Noticed Menkaure
  7776 | D:6      | Found a sacrificial altar of Ru.
  7791 | D:5      | Reached skill level 4 in Fighting
  7907 | D:6      | Found a glowing drain.
  7964 | Sewer    | Entered a sewer
  8249 | D:6      | XOM: mild Tloc miscast
  8250 | D:6      | Noticed a spatial vortex
  8313 | D:6      | Reached ** piety under Cheibriados
  8340 | D:6      | Gained mutation: You are mostly covered in molten scales.
                  | (AC +3) [demonic ancestry]
  8340 | D:6      | Reached XP level 8. HP: 46/61 MP: 2/13
  8397 | D:6      | XOM: give mutations
  8397 | D:6      | Gained mutation: Scrolls take you a little longer to read.
                  | [Xom's mischief]
  8397 | D:6      | Lost mutation: You are resistant to hostile enchantments.
                  | (MR+) [Xom's mischief]
  8397 | D:6      | Lost mutation: You are clumsy. (Dex -2) [Xom's mischief]
  8453 | D:6      | XOM: medium Ice miscast
  8784 | D:6      | Reached skill level 5 in Fighting
  9256 | D:6      | XOM: mild Pois miscast
  9372 | D:6      | Found a blossoming altar of Fedhas.
  9525 | D:6      | XOM: medium Summ miscast
  9534 | D:6      | XOM: summons 1 hostile shadow creature
  9950 | D:7      | XOM: mild Air miscast
  9951 | D:7      | Reached XP level 9. HP: 69/69 MP: 5/15
 10094 | D:7      | Reached skill level 6 in Fighting
 10101 | D:7      | You fall through a shaft for 3 floors!
 10101 | D:10     | Entered Level 10 of the Dungeon
 10356 | D:9      | Reached *** piety under Cheibriados
 10372 | D:9      | Reached skill level 5 in Unarmed Combat
 10471 | D:9      | Noticed Psyche
 10677 | D:9      | Reached skill level 1 in Evocations
 10739 | D:9      | Reached skill level 1 in Invocations
 10883 | D:9      | XOM: medium Pois miscast
 11496 | D:8      | Found a glowing silver altar of Zin.
 11525 | D:8      | Learned a level 4 spell: Summon Lightning Spire
 11648 | D:8      | XOM: harmless Fire miscast
 11658 | D:8      | Reached skill level 1 in Air Magic
 11669 | D:8      | XOM: divination: detect creatures
 11670 | D:8      | Reached **** piety under Cheibriados
 11855 | D:7      | XOM: harmless Necr miscast
 11953 | D:7      | XOM: harmless Ice miscast
 12881 | D:8      | XOM: noise
 13393 | D:9      | Noticed Harold
 13398 | D:9      | Gained mutation: You have very sharp fingernails. [demonic
                  | ancestry]
 13398 | D:9      | Reached XP level 10. HP: 74/76 MP: 17/17
 13417 | D:8      | Reached skill level 5 in Spellcasting
 13576 | D:5      | Mangled by Menkaure

Skill      XL: |  1  2  3  4  5  6  7  8  9 10 |
---------------+-------------------------------+-----
Stealth        | 2 3 |  3.0
Conjurations   | 2 3 4 5 |  5.7
Fighting       | 2 3 4 5 6 |  6.0
Unarmed Combat | 1 3 4 5 |  5.0
Translocations | 1 2 3 |  3.0
Summonings     | 2 3 4 |  4.6
Spellcasting   | 4 5 |  5.0
Dodging        | 4 |  4.1
Evocations     | 3 |  3.0
Invocations    | 3 |  3.3
Air Magic      | 2 |  2.6
Fire Magic     | |  0.7

Action                   |  1- 3 |  4- 6 |  7- 9 | 10-12 || total
-------------------------+-------+-------+-------+-------++-------
Melee: Dagger            |    24 |    34 |       |       ||    58
       Unarmed           |       |    22 |   256 |     2 ||   280
       Punch             |       |       |     5 |     1 ||     6
       Hunting sling     |       |       |     1 |       ||     1
 Fire: Hunting sling     |    11 |    55 |    80 |       ||   146
Throw: Stone             |       |     8 |       |     1 ||     9
       Tomahawk          |       |       |    10 |       ||    10
 Cast: Magic Dart        |   109 |   159 |   278 |     7 ||   553
       Call Imp          |     4 |     6 |     2 |     1 ||    13
       Conjure Flame     |       |     6 |    33 |     2 ||    41
       Blink             |       |     2 |     7 |     1 ||    10
       Mephitic Cloud    |       |       |    32 |     4 ||    36
Evoke: Wand              |       |       |     6 |       ||     6
  Use: Scroll            |       |     2 |     9 |       ||    11
       Potion            |       |     3 |       |     1 ||     4
 Stab: Sleeping          |     1 |     1 |     3 |       ||     5
       Confused          |       |       |     7 |       ||     7
  Eat: Chunk             |     5 |    14 |    13 |     1 ||    33
Armor: Robe              |     6 |     1 |    65 |     1 ||    73
Dodge: Dodged            |    26 |    41 |   151 |     4 ||   222
